[Event "K11"]
[Site "?"]
[Date "2022.07.25"]
[Round "3"]
[White "Cisarik, Pavol"]
[Black "Plesnivy, Martin"]
[Result "0-1"]
[ECO "B50"]
[WhiteElo "1652"]
[BlackElo "1644"]
[Annotator ",martin-koller@seznam"]
[PlyCount "114"]
[TimeControl "240+2"]

{600MB, Fritz10.ctg} 1. e4 c5 2. Nf3 Nc6 3. c3 Nf6 4. d3 d6 5. Be2 e5 6. O-O
Be7 7. Qc2 O-O 8. a3 h6 9. Rd1 d5 10. exd5 Qxd5 11. Be3 Bf5 12. c4 Qd7 13. Nc3
Nd4 14. Bxd4 exd4 15. Ne4 Nxe4 16. dxe4 Bh7 17. Bd3 Qe6 18. e5 Bxd3 19. Qxd3
Rab8 20. a4 a5 21. Re1 Bd8 22. Nd2 Re8 23. f4 g6 24. Ne4 b6 25. Nd6 Rf8 26. f5
gxf5 27. Nxf5 Qg6 28. Rf1 Re8 29. Rae1 Bg5 30. Qf3 Re6 31. Re4 h5 32. h4 Bd8
33. Qf4 Rb7 34. Rf3 Kf8 35. Rg3 Qh7 36. Rg7 Qxg7 37. Nxg7 Kxg7 38. Qf3 Rh6 39.
Rf4 Re7 40. Rf5 Bc7 41. Rg5+ Kf8 42. Qa8+ Re8 43. Rg8+ Kxg8 44. Qxe8+ Kg7 45.
Qe7 Bb8 46. Qg5+ Rg6 47. Qxh5 d3 48. Qd1 Rg3 49. Qe1 Rg4 50. Qe3 Rd4 51. Kf1 d2
52. Qg5+ Kf8 53. Qh6+ Ke8 54. Qc6+ Kd8 55. Qxb6+ Bc7 56. Qf6+ Kc8 57. Qf5+ Kb8
0-1

[Event "K11"]
[Site "?"]
[Date "2022.07.25"]
[Round "3"]
[White "Hosova, Sandra"]
[Black "Spindler, Markus"]
[Result "0-1"]
[ECO "D02"]
[WhiteElo "1779"]
[BlackElo "1903"]
[Annotator ",martin-koller@seznam"]
[PlyCount "120"]
[TimeControl "240+2"]

{600MB, Fritz10.ctg} 1. d4 d5 2. Bf4 e6 3. Nf3 Bd6 4. Bg3 Nf6 5. e3 O-O 6. Bd3
Nbd7 7. Nbd2 Qe7 8. Ne5 c5 9. c3 c4 10. Bc2 Re8 11. Qf3 Nf8 12. Bh4 Ng6 13.
Bxg6 fxg6 14. Ng4 Rf8 15. e4 e5 16. Nxf6+ gxf6 17. O-O exd4 18. cxd4 Bb4 19.
Qe2 Bxd2 20. Qxd2 Qxe4 21. Bg3 Bd7 22. Rfe1 Qf5 23. Re7 Rae8 24. Rae1 Rxe7 25.
Rxe7 Rf7 26. Re1 Rf8 27. h3 Re8 28. Rxe8+ Bxe8 29. Qe1 Kf7 30. Qa5 a6 31. Qc7+
Qd7 32. Qf4 Qe7 33. Qh6 Kg8 34. Bb8 b6 35. Qf4 g5 36. Qg3 Bg6 37. Bd6 Qe6 38.
Ba3 Bf7 39. Qb8+ Kg7 40. Qf8+ Kg6 41. Qe7 Qc6 42. Qf8 c3 43. Qb4 c2 44. b3
c1=Q+ 45. Bxc1 Qxc1+ 46. Kh2 Qc7+ 47. Kg1 Kg7 48. Qd2 Bg6 49. Qe2 Qc1+ 50. Qf1
Qxf1+ 51. Kxf1 b5 52. b4 Bd3+ 53. Ke1 h5 54. g3 h4 55. gxh4 gxh4 56. f4 Bf5 57.
Kf2 Bxh3 58. Kf3 Bf5 59. a3 Kg6 60. Kg2 Kh5 0-1

[Event "M11"]
[Site "?"]
[Date "2022.07.26"]
[Round "4"]
[White "Thomasson, Staffan"]
[Black "Kalinsky, Vladimir"]
[Result "0-1"]
[ECO "A25"]
[WhiteElo "1749"]
[BlackElo "2137"]
[Annotator ",martin-koller@seznam"]
[PlyCount "38"]
[TimeControl "240+2"]

{600MB, Fritz10.ctg} 1. c4 e5 2. g3 Nc6 3. Bg2 Bc5 4. Nc3 Nf6 5. e3 d6 6. Nge2
O-O 7. O-O h6 8. d4 Bb4 9. a3 Bxc3 10. Nxc3 Bg4 11. Qd2 exd4 12. exd4 Qd7 13.
Re1 Rfe8 14. Rxe8+ Rxe8 15. b4 Qf5 16. f4 Bh3 17. Bh1 Nxd4 18. Bb2 Nb3 19. Qd1
Qe6 0-1

[Event "M11"]
[Site "?"]
[Date "2022.07.26"]
[Round "4"]
[White "Harwig, Maik"]
[Black "Matthai, Jakob"]
[Result "0-1"]
[ECO "D02"]
[WhiteElo "2051"]
[BlackElo "1997"]
[Annotator ",martin-koller@seznam"]
[PlyCount "84"]
[TimeControl "240+2"]

{600MB, Fritz10.ctg} 1. d4 Nf6 2. Nf3 d5 3. Bf4 c5 4. c3 Nc6 5. e3 Qb6 6. Qb3
c4 7. Qxb6 axb6 8. Na3 Na7 9. Nc2 Bf5 10. Nb4 e6 11. Nh4 Bxb4 12. Nxf5 Bxc3+
13. bxc3 exf5 14. f3 Kd7 15. Kd2 Nc6 16. Be2 Nh5 17. Bg3 Nxg3 18. hxg3 b5 19.
Rhb1 Ra5 20. f4 Rha8 21. Rb2 b4 22. cxb4 Ra3 23. Rbb1 Rxa2+ 24. Rxa2 Rxa2+ 25.
Kd1 b5 26. g4 fxg4 27. Bxg4+ Kd6 28. Bf5 Rxg2 29. Bxh7 g6 30. f5 Ne7 31. fxg6
fxg6 32. Rc1 Rh2 33. Bxg6 Nxg6 34. Rc3 Rb2 35. Ra3 Ne7 36. Ra8 Rxb4 37. Kd2
Rb2+ 38. Kc3 Rb3+ 39. Kd2 b4 40. Rh8 Rb2+ 41. Kc1 Re2 42. Rh6+ Kd7 0-1

[Event "K11"]
[Site "?"]
[Date "2022.07.26"]
[Round "4"]
[White "Spindler, Markus"]
[Black "Hurtak, Otto"]
[Result "1/2-1/2"]
[ECO "D41"]
[WhiteElo "1903"]
[BlackElo "1957"]
[Annotator ",martin-koller@seznam"]
[PlyCount "35"]
[TimeControl "240+2"]

{600MB, Fritz10.ctg} 1. e4 c5 2. c3 d5 3. exd5 Nf6 4. d4 Nxd5 5. Bc4 e6 6. Nf3
Nc6 7. O-O cxd4 8. cxd4 Be7 9. Nc3 O-O 10. a3 b6 11. Bxd5 exd5 12. h3 Be6 13.
Bf4 Rc8 14. Rc1 Na5 15. b4 Nc4 16. Nb5 Bd7 17. Nc3 Be6 18. Qb3 1/2-1/2

[Event "K11"]
[Site "?"]
[Date "2022.07.26"]
[Round "4"]
[White "Zacek, Petr"]
[Black "Plesnivy, Martin"]
[Result "1-0"]
[ECO "D53"]
[WhiteElo "1867"]
[BlackElo "1644"]
[Annotator ",martin-koller@seznam"]
[PlyCount "81"]
[TimeControl "240+2"]

{600MB, Fritz10.ctg} 1. d4 d5 2. c4 e6 3. Nc3 Nf6 4. Bg5 Be7 5. cxd5 Nxd5 6.
Bxe7 Qxe7 7. e4 Nxc3 8. bxc3 O-O 9. Nf3 Rd8 10. Be2 c5 11. O-O Nc6 12. d5 exd5
13. exd5 Ne5 14. Re1 Qf6 15. c4 Nxf3+ 16. Bxf3 Bf5 17. Qb3 b6 18. Rad1 Rd6 19.
Re3 h6 20. Rde1 a6 21. a4 Bd7 22. h3 Rb8 23. Be2 Qh4 24. Bd3 g6 25. Qc2 Qd8 26.
Ra1 Qc7 27. Re7 Qd8 28. Qe2 Be6 29. Ra7 Qf6 30. Re1 Bc8 31. Qe8+ Kg7 32. Ree7
Bd7 33. Rxf7+ Qxf7 34. Qxb8 Qe7 35. Ra8 Kf6 36. Qh8+ Kg5 37. Qb2 Qf6 38. Qd2+
Qf4 39. h4+ Kg4 40. f3+ Kg3 41. Qf2# 1-0

[Event "K11"]
[Site "?"]
[Date "2022.07.26"]
[Round "4"]
[White "Geike, Eberhard"]
[Black "Schimmer, Michael"]
[Result "1/2-1/2"]
[ECO "B40"]
[WhiteElo "1801"]
[BlackElo "1862"]
[Annotator ",martin-koller@seznam"]
[PlyCount "47"]
[TimeControl "240+2"]

{600MB, Fritz10.ctg} 1. e4 c5 2. Nf3 e6 3. d4 cxd4 4. Nxd4 Nc6 5. Nf3 Nf6 6.
Bd3 d5 7. exd5 Nxd5 8. O-O Be7 9. a3 O-O 10. c4 Nf6 11. Nc3 a6 12. Be3 Qc7 13.
g3 e5 14. Qc2 Rd8 15. Rfd1 Bg4 16. Be2 Na5 17. Nd2 Bxe2 18. Nxe2 Ng4 19. b4
Nxe3 20. fxe3 Nc6 21. Nc3 Bg5 22. Re1 Qd7 23. Nd5 Qg4 24. Qe4 1/2-1/2

[Event "M11"]
[Site "?"]
[Date "2022.07.26"]
[Round "4"]
[White "Wunsch, Ulrich"]
[Black "Knechtel, Roland"]
[Result "0-1"]
[ECO "D00"]
[WhiteElo "1969"]
[BlackElo "2210"]
[Annotator ",martin-koller@seznam"]
[PlyCount "76"]
[TimeControl "240+2"]

{600MB, Fritz10.ctg} 1. d4 d5 2. Nc3 Bf5 3. Bf4 Nf6 4. Nb5 Na6 5. e3 c6 6. Nc3
Nc7 7. f3 h6 8. g4 Bg6 9. h4 e6 10. Bd3 Bxd3 11. Qxd3 Bd6 12. Nge2 Qe7 13. Bxd6
Qxd6 14. O-O-O O-O-O 15. g5 Nd7 16. f4 Nb6 17. Kb1 Kb8 18. Nc1 c5 19. dxc5 Qxc5
20. Nb3 Qe7 21. Qd4 g6 22. Nd2 Rc8 23. Nf3 h5 24. Ne5 Rhd8 25. Na4 Nb5 26. Qd3
Nc4 27. Qb3 a6 28. Nf3 Ncd6 29. Nd4 Ne4 30. Rhf1 Nxd4 31. Rxd4 Rc4 32. Rfd1
Rdc8 33. Nb6 Rxd4 34. Rxd4 Rc6 35. Kc1 Ng3 36. Kd1 Nf5 37. Rb4 Nxh4 38. Qd3
Qxb4 0-1

[Event "M11""]
[Site "?"]
[Date "2022.07.26"]
[Round "4"]
[White "Soural, Jan"]
[Black "Petras, Milan"]
[Result "1-0"]
[ECO "E11"]
[WhiteElo "2119"]
[BlackElo "1868"]
[Annotator ",martin-koller@seznam"]
[PlyCount "71"]
[TimeControl "240+2"]

{600MB, Fritz10.ctg} 1. d4 Nf6 2. c4 e6 3. Nf3 Bb4+ 4. Bd2 Qe7 5. Nc3 b6 6. e3
Bb7 7. Bd3 O-O 8. O-O d6 9. Qc2 e5 10. d5 Nbd7 11. e4 h6 12. a3 Bxc3 13. Bxc3
Nc5 14. b4 Nxd3 15. Qxd3 Nh5 16. g3 Bc8 17. Nh4 Bh3 18. Rfe1 g6 19. Ng2 f5 20.
f4 Bxg2 21. Kxg2 exf4 22. exf5 Qg5 23. Qd4 Kh7 24. fxg6+ Qxg6 25. Re6 Qf5 26.
Rae1 Rf7 27. Re7 f3+ 28. Kf2 Raf8 29. Rxf7+ Rxf7 30. Qh8+ Kg6 31. Re6+ Nf6 32.
Rxf6+ Rxf6 33. Qg8+ Kh5 34. g4+ Qxg4 35. Qxg4+ Kxg4 36. Bxf6 1-0

[Event "M11"]
[Site "?"]
[Date "2022.07.26"]
[Round "4"]
[White "Henztgen, Thomas"]
[Black "Hajek, Zdenek"]
[Result "1/2-1/2"]
[ECO "A13"]
[WhiteElo "2022"]
[BlackElo "1958"]
[Annotator ",martin-koller@seznam"]
[PlyCount "96"]
[TimeControl "240+2"]

{600MB, Fritz10.ctg} 1. Nf3 Nf6 2. b3 d5 3. Bb2 e6 4. e3 Be7 5. c4 O-O 6. Nc3
c5 7. cxd5 exd5 8. d4 Nc6 9. Be2 Bf5 10. O-O Rc8 11. dxc5 Bxc5 12. Na4 Be7 13.
Rc1 Ne4 14. Nd4 Nxd4 15. Bxd4 b6 16. Rxc8 Qxc8 17. Qa1 Bf6 18. Bxf6 Nxf6 19.
Rc1 Qd7 20. Qd4 Rc8 21. Rxc8+ Qxc8 22. Qc3 Qd7 23. Qe5 h6 24. h3 Ne4 25. Nc3
Nxc3 26. Qxc3 Qd6 27. Qd4 Be4 28. f3 Bg6 29. Bc4 Qa3 30. Bxd5 Qxa2 31. e4 Qb1+
32. Kh2 Qc1 33. Qe5 Qc8 34. f4 Qd8 35. f5 Bh7 36. Kg3 Kf8 37. Kf3 Bg8 38. Qc3
a5 39. Qc6 f6 40. Bxg8 Kxg8 41. Qe6+ Kf8 42. Qc4 Qd7 43. Ke3 Ke7 44. Ke2 Qd6
45. Qg8 Qg3 46. Qe6+ Kf8 47. Qc8+ Ke7 48. Qe6+ Kf8 1/2-1/2

[Event "K11"]
[Site "?"]
[Date "2022.07.26"]
[Round "4"]
[White "Hozda, Max"]
[Black "Hosova, Sandra"]
[Result "1-0"]
[ECO "D46"]
[WhiteElo "1832"]
[BlackElo "1779"]
[Annotator ",martin-koller@seznam"]
[PlyCount "81"]
[TimeControl "240+2"]

{600MB, Fritz10.ctg} 1. d4 d5 2. c4 c6 3. Nf3 Nf6 4. e3 e6 5. b3 Be7 6. Bd3 O-O
7. O-O Nbd7 8. Nc3 dxc4 9. bxc4 b6 10. e4 Bb7 11. Qc2 h6 12. Bb2 c5 13. d5 exd5
14. exd5 Qc7 15. Rfe1 Rae8 16. Re2 a5 17. Rae1 Bd6 18. Rxe8 Rxe8 19. Rxe8+ Nxe8
20. Ne4 Be7 21. Qe2 Nef6 22. Nxf6+ Nxf6 23. Bxf6 gxf6 24. Qe4 Kf8 25. Qh7 Ke8
26. Qxh6 Qd6 27. Qe3 Bc8 28. h4 Bg4 29. Nh2 f5 30. Nxg4 fxg4 31. h5 Qf6 32. h6
Kd8 33. h7 Qa1+ 34. Kh2 Bf6 35. Qh6 Ke7 36. Qe3+ Be5+ 37. g3 Qb2 38. Bf5 Kd8
39. Kg2 Bf6 40. Qe4 Qxa2 41. d6 1-0

[Event "K11"]
[Site "?"]
[Date "2022.07.26"]
[Round "4"]
[White "Fitzke, Ulrich"]
[Black "Cisarik, Pavol"]
[Result "1-0"]
[ECO "D48"]
[WhiteElo "1740"]
[BlackElo "1652"]
[Annotator ",martin-koller@seznam"]
[PlyCount "101"]
[TimeControl "240+2"]

{600MB, Fritz10.ctg} 1. d4 Nf6 2. c4 e6 3. Nc3 d5 4. e3 c6 5. Nf3 Nbd7 6. Be2
dxc4 7. Bxc4 b5 8. Bd3 Bb7 9. O-O a6 10. b3 c5 11. Bb2 Be7 12. Rc1 O-O 13. Qe2
cxd4 14. Nxd4 e5 15. Nf5 e4 16. Bb1 Bb4 17. Rfd1 Qb6 18. a3 Bxc3 19. Bxc3 Qe6
20. Nd4 Qb6 21. b4 Rfe8 22. Nf5 Qe6 23. Nd4 Qb6 24. Nb3 Rac8 25. Bd4 Qe6 26.
Nc5 Nxc5 27. Bxc5 Red8 28. Ba2 Qg4 29. Qxg4 Nxg4 30. Rxd8+ Rxd8 31. Bd4 Rc8 32.
Rxc8+ Bxc8 33. Bd5 Nh6 34. Bxe4 Nf5 35. Bc5 h5 36. f4 f6 37. Bd5+ Kh7 38. Kf2
Kg6 39. g3 Nh6 40. Be4+ f5 41. Bf3 Nf7 42. e4 Nd8 43. Be7 Ne6 44. exf5+ Kxf5
45. Bxh5 Nd4 46. Bd1 Nc6 47. Bc5 a5 48. Bf3 axb4 49. Bxc6 b3 50. Bd4 Ba6 51.
Bxg7 1-0

[Event "M11"]
[Site "?"]
[Date "2022.07.26"]
[Round "5"]
[White "Petras, Milan"]
[Black "Hartwig, Maik"]
[Result "0-1"]
[ECO "B06"]
[WhiteElo "1868"]
[BlackElo "2051"]
[Annotator ",martin-koller@seznam"]
[PlyCount "60"]
[TimeControl "240+2"]

{600MB, Fritz10.ctg} 1. e4 g6 2. d4 Bg7 3. Nc3 d6 4. h3 Nc6 5. Nf3 e5 6. dxe5
Nxe5 7. Bf4 Nxf3+ 8. Qxf3 Be6 9. O-O-O Qf6 10. Be2 a6 11. Kb1 g5 12. Bd2 Qxf3
13. Bxf3 h6 14. Bg4 Bxg4 15. hxg4 Nf6 16. f3 O-O-O 17. Be3 Rhe8 18. Bd4 Re6 19.
Nd5 Ne8 20. Bxg7 Nxg7 21. Ne3 c6 22. c4 b5 23. b3 Kc7 24. Kc2 Rh8 25. Nf5 Nxf5
26. gxf5 Re5 27. g4 bxc4 28. Rb1 cxb3+ 29. Rxb3 Rb5 30. Kc3 Kb6 0-1

[Event "M11"]
[Site "?"]
[Date "2022.07.26"]
[Round "5"]
[White "Knechtel, Roland"]
[Black "Thomasson, Staffan"]
[Result "1-0"]
[ECO "A43"]
[WhiteElo "2210"]
[BlackElo "1749"]
[Annotator ",martin-koller@seznam"]
[PlyCount "77"]
[TimeControl "240+2"]

{600MB, Fritz10.ctg} 1. d4 g6 2. c4 Bg7 3. e4 c5 4. d5 d6 5. h3 e5 6. Bd3 Ne7
7. Nc3 Na6 8. Bg5 f6 9. Be3 Bd7 10. Nb5 Bxb5 11. cxb5 Nc7 12. Ne2 O-O 13. a4 f5
14. f3 b6 15. Nc3 Bf6 16. O-O f4 17. Bf2 Kh8 18. b4 Ne8 19. Qb3 Ng8 20. a5 Rf7
21. Ra2 Rc8 22. axb6 axb6 23. Ra6 Rfc7 24. Qb2 Bh4 25. Bxh4 Qxh4 26. Rxb6 cxb4
27. Ne2 Ngf6 28. Rc6 Nd7 29. Qxb4 Nc5 30. Bc4 Ra8 31. Rxc7 Nxc7 32. b6 Ne8 33.
Bb5 Qd8 34. Bc6 Rb8 35. Rb1 Qh4 36. Qa5 Nd3 37. Qa7 Qf2+ 38. Kh2 Rd8 39. Qe7
1-0

[Event "K11"]
[Site "?"]
[Date "2022.07.26"]
[Round "5"]
[White "Hosova, Sandra"]
[Black "Zacek, Petr"]
[Result "0-1"]
[ECO "A48"]
[WhiteElo "1779"]
[BlackElo "1867"]
[Annotator ",martin-koller@seznam"]
[PlyCount "52"]
[TimeControl "240+2"]

{600MB, Fritz10.ctg} 1. d4 Nf6 2. Nf3 g6 3. Bf4 d6 4. Nbd2 Bg7 5. e3 O-O 6. Be2
c6 7. c3 Nbd7 8. Qc2 Qc7 9. O-O-O e5 10. dxe5 dxe5 11. Bg3 Re8 12. Ne4 Nxe4 13.
Qxe4 Qa5 14. Kb1 Nc5 15. Qh4 Bf5+ 16. Kc1 Qxa2 17. Bc4 Qb1+ 18. Kd2 Rad8+ 19.
Ke2 Qxb2+ 20. Rd2 Rxd2+ 21. Nxd2 Ne4 22. Rd1 Bf6 23. Bxf7+ Kxf7 24. Qxh7+ Bg7
25. Ke1 Rh8 26. Nxe4 Rxh7 0-1

[Event "K11"]
[Site "?"]
[Date "2022.07.26"]
[Round "5"]
[White "Hurtak, Otto"]
[Black "Hozda, Max"]
[Result "1/2-1/2"]
[ECO "A36"]
[WhiteElo "1957"]
[BlackElo "1832"]
[Annotator ",martin-koller@seznam"]
[PlyCount "42"]
[TimeControl "240+2"]

{600MB, Fritz10.ctg} 1. c4 c5 2. Nc3 Nc6 3. g3 d6 4. Bg2 Nf6 5. d3 g6 6. e4 Bg7
7. Nge2 e5 8. O-O O-O 9. f4 Ne8 10. f5 a6 11. Be3 Nc7 12. Nd5 Nxd5 13. cxd5 Nd4
14. fxg6 hxg6 15. Qd2 Nxe2+ 16. Qxe2 b5 17. g4 Bd7 18. g5 a5 19. Bf3 Bh3 20.
Bg2 Bd7 21. Bf3 Bh3 1/2-1/2

[Event "K11"]
[Site "?"]
[Date "2022.07.26"]
[Round "5"]
[White "Plesnivy, Martin"]
[Black "Fitzke, Ulrich"]
[Result "1-0"]
[ECO "D40"]
[WhiteElo "1644"]
[BlackElo "1740"]
[Annotator ",martin-koller@seznam"]
[PlyCount "51"]
[TimeControl "240+2"]

{600MB, Fritz10.ctg} 1. d4 d5 2. c4 e6 3. Nc3 Nf6 4. e3 Be7 5. Nf3 Nbd7 6. Bd3
O-O 7. O-O dxc4 8. Bxc4 c5 9. Qe2 cxd4 10. exd4 Nb6 11. Bd3 Nbd5 12. Bd2 b6 13.
Ne4 Bb7 14. Rac1 Rc8 15. a3 Rxc1 16. Rxc1 Qb8 17. Ne5 Rc8 18. Ng5 Rf8 19. Nexf7
Nf4 20. Bxf4 Qxf4 21. Re1 Bd6 22. g3 Qg4 23. Bxh7+ Nxh7 24. Qxg4 Nxg5 25. Nxg5
Bd5 26. Qh5 1-0

[Event "K11"]
[Site "?"]
[Date "2022.07.26"]
[Round "5"]
[White "Schimmer, Michael"]
[Black "Spindler, Markus"]
[Result "1-0"]
[ECO "B80"]
[WhiteElo "1862"]
[BlackElo "1903"]
[Annotator ",martin-koller@seznam"]
[PlyCount "61"]
[TimeControl "240+2"]

{600MB, Fritz10.ctg} 1. e4 c5 2. Nf3 e6 3. d4 cxd4 4. Nxd4 Nf6 5. Nc3 a6 6. Be3
d6 7. f3 Be7 8. Qd2 O-O 9. g4 Nbd7 10. g5 Nh5 11. O-O-O Qc7 12. f4 g6 13. Be2
Nxf4 14. Bxf4 e5 15. Nd5 Qd8 16. Nxe7+ Qxe7 17. Be3 exd4 18. Qxd4 Ne5 19. h4
Be6 20. h5 Nc6 21. Qxd6 Qxd6 22. Rxd6 gxh5 23. Bxh5 Rac8 24. a3 Ne5 25. g6 Nxg6
26. Bxg6 Bb3 27. Bxh7+ Kg7 28. Bh6+ Kxh7 29. Bxf8+ Kg8 30. Be7 Bxc2 31. Rd8+
1-0

[Event "M11"]
[Site "?"]
[Date "2022.07.26"]
[Round "5"]
[White "Kalinsky, Vladimir"]
[Black "Soural, Jan"]
[Result "1-0"]
[ECO "B77"]
[WhiteElo "2137"]
[BlackElo "2119"]
[Annotator ",martin-koller@seznam"]
[PlyCount "97"]
[TimeControl "240+2"]

{600MB, Fritz10.ctg} 1. e4 c5 2. Nf3 Nc6 3. d4 cxd4 4. Nxd4 g6 5. Nc3 Bg7 6.
Be3 Nf6 7. Bc4 O-O 8. Bb3 d6 9. f3 Nxd4 10. Bxd4 Be6 11. Qd2 Qa5 12. O-O-O Bxb3
13. cxb3 Rfd8 14. Kb1 e6 15. g4 b5 16. h4 b4 17. Na4 e5 18. Be3 d5 19. Qg2 dxe4
20. fxe4 Rxd1+ 21. Rxd1 Rd8 22. Rc1 Qb5 23. Nc5 Rc8 24. g5 Nd7 25. Nxd7 Qd3+
26. Rc2 Qd1+ 27. Bc1 Rxc2 28. Nf6+ Bxf6 29. Qxc2 Qxc2+ 30. Kxc2 Be7 31. Be3 a6
32. Kd3 h5 33. Kc4 f6 34. gxf6 Bxf6 35. Bf2 g5 36. hxg5 Bxg5 37. Kd5 Kf7 38.
Kxe5 h4 39. Kf5 h3 40. Bg3 Bc1 41. Kg4 Kf6 42. Kxh3 Kg5 43. Bd6 Bxb2 44. Kg3 a5
45. Kf3 Kf6 46. Bc7 a4 47. Ke3 axb3 48. axb3 Ke6 49. Kd3 1-0

[Event "M11"]
[Site "?"]
[Date "2022.07.26"]
[Round "5"]
[White "Hajek, Zdenek"]
[Black "Wunsch, Ulrich"]
[Result "0-1"]
[ECO "E11"]
[WhiteElo "1958"]
[BlackElo "1969"]
[Annotator ",martin-koller@seznam"]
[PlyCount "88"]
[TimeControl "240+2"]

{600MB, Fritz10.ctg} 1. d4 Nf6 2. Nf3 e6 3. c4 Bb4+ 4. Bd2 c5 5. Bxb4 cxb4 6.
g3 O-O 7. Bg2 d5 8. Nbd2 b6 9. O-O a5 10. Ne5 Bb7 11. a3 Na6 12. a4 Qe7 13. Rc1
Rac8 14. Qb3 Rc7 15. Qd3 Rfc8 16. b3 Nb8 17. e4 Nbd7 18. Nxd7 Qxd7 19. e5 dxc4
20. Nxc4 Bxg2 21. Kxg2 Nd5 22. Rcd1 Qc6 23. Kg1 Rb8 24. Ra1 Nc3 25. Rfe1 Qd5
26. f4 Ra8 27. Nxb6 Qb7 28. Nxa8 Qxa8 29. Rac1 Qd5 30. Qa6 Qxd4+ 31. Kg2 Qd5+
32. Kh3 h5 33. Qd6 Qb7 34. Qd8+ Kh7 35. Qd3+ g6 36. Rf1 Rd7 37. Qf3 Qa6 38. Rf2
Rd3 39. Qg2 Qb6 40. Rd2 Qd4 41. Rcc2 Nd5 42. Qf2 Nxf4+ 43. Kh4 g5+ 44. Kxg5
Qxe5+ 0-1

[Event "M11"]
[Site "?"]
[Date "2022.07.26"]
[Round "5"]
[White "Matthai, Jakob"]
[Black "Hentzgen, Thomas"]
[Result "0-1"]
[ECO "C10"]
[WhiteElo "1997"]
[BlackElo "2022"]
[Annotator ",martin-koller@seznam"]
[PlyCount "113"]
[TimeControl "240+2"]

{600MB, Fritz10.ctg} 1. e4 e6 2. d4 d5 3. Nd2 dxe4 4. Nxe4 Bd7 5. Nf3 Bc6 6.
Bd3 Nd7 7. O-O Ngf6 8. Qe2 Be7 9. c3 Bxe4 10. Bxe4 c6 11. Bc2 O-O 12. Bf4 Re8
13. Rad1 Bf8 14. Ne5 g6 15. Bc1 a5 16. f4 a4 17. Kh1 Qa5 18. c4 Rad8 19. Bd2
Qa6 20. Bd3 Qb6 21. Bc3 Bb4 22. c5 Qa5 23. Nc4 Bxc3 24. Nxa5 Bxa5 25. Qf3 Nd5
26. Bc2 N7f6 27. Bxa4 Bc7 28. g3 Ra8 29. Bb3 Red8 30. a3 Rd7 31. Rd3 Kg7 32.
Bc4 Ra4 33. b4 Ng8 34. Qd1 Ra8 35. Rf2 Ngf6 36. Qf3 h5 37. Rb2 Rh8 38. h4 Ng4
39. b5 Ba5 40. Rdb3 Ne7 41. bxc6 bxc6 42. Rb7 Rhd8 43. Ba6 Nf5 44. Rxd7 Rxd7
45. Qxc6 Rxd4 46. Kg2 Be1 47. Qe8 Bxg3 48. c6 Bxf4 49. c7 Bxc7 50. Be2 Nxh4+
51. Kg1 Bg3 52. Bxg4 hxg4 53. Kf1 Rf4+ 54. Kg1 Be1 55. Qc6 g3 56. Re2 Bf2+ 57.
Rxf2 0-1

[Event "K11"]
[Site "?"]
[Date "2022.07.26"]
[Round "5"]
[White "Cisarik, Pavol"]
[Black "Geike, Eberhard"]
[Result "1/2-1/2"]
[ECO "C50"]
[WhiteElo "1652"]
[BlackElo "1801"]
[Annotator ",martin-koller@seznam"]
[PlyCount "139"]
[TimeControl "240+2"]

{600MB, Fritz10.ctg} 1. e4 e5 2. Nf3 Nc6 3. Bc4 Be7 4. d4 exd4 5. Nxd4 Ne5 6.
Bb3 d6 7. f4 Ng6 8. Nc3 Bd7 9. Be3 Bf6 10. Qf3 Nh4 11. Qe2 a6 12. O-O-O Ng6 13.
Rhf1 N8e7 14. g4 Nc6 15. Nxc6 Bxc6 16. e5 Be7 17. exd6 Bxd6 18. Bd4+ Qe7 19.
Qxe7+ Kxe7 20. Bxg7 Rhg8 21. Rfe1+ Kd7 22. Be5 Rgf8 23. Ne4 Bxe4 24. Rxe4 f6
25. Bxd6 cxd6 26. Red4 Kc7 27. f5 Ne5 28. Rxd6 Rae8 29. Be6 Re7 30. R6d5 b6 31.
g5 Ng4 32. Rd7+ Rxd7 33. Rxd7+ Kc6 34. Rd4 Ne5 35. gxf6 Rxf6 36. Rh4 h6 37. c3
Nf3 38. Rh3 Ng5 39. Re3 Kd6 40. Rd3+ Kc5 41. b4+ Kc6 42. Bd7+ Kc7 43. h4 Ne4
44. Be6 Nd6 45. Rf3 Nb5 46. Kc2 Kd6 47. Rd3+ Ke5 48. Rd7 Nd6 49. Ra7 Nxf5 50.
Bxf5 Kxf5 51. Rxa6 Kg4 52. a4 h5 53. a5 Rf2+ 54. Kd3 bxa5 55. Rxa5 Kxh4 56. Ke3
Rc2 57. Kd3 Rb2 58. b5 Kg3 59. c4 h4 60. Ra8 h3 61. Rg8+ Kf2 62. Rh8 Kg2 63.
Kd4 h2 64. Kc5 h1=Q 65. Rxh1 Kxh1 66. Kc6 Kg2 67. c5 Kf3 68. b6 Ke4 69. Kc7 Kd5
70. b7 1/2-1/2

[Event "M11"]
[Site "?"]
[Date "2022.07.27"]
[Round "6"]
[White "Soural, Jan"]
[Black "Knechtel, Roland"]
[Result "1-0"]
[ECO "D11"]
[WhiteElo "2119"]
[BlackElo "2210"]
[Annotator ",martin-koller@seznam"]
[PlyCount "59"]
[TimeControl "240+2"]

{600MB, Fritz10.ctg} 1. d4 d5 2. c4 c6 3. Nf3 Nf6 4. g3 Bf5 5. Nc3 e6 6. Nh4
Bg4 7. h3 Bh5 8. g4 Nfd7 9. Qb3 Na6 10. cxd5 cxd5 11. gxh5 Qxh4 12. Qxb7 Nb4
13. Qxa8+ Ke7 14. Rb1 Qxd4 15. Bg2 Nc2+ 16. Kf1 g6 17. Nxd5+ exd5 18. Qxd5 Qxd5
19. Bxd5 Nb4 20. Bb3 Bg7 21. Bg5+ f6 22. Bd2 Nc6 23. h6 Bf8 24. Rc1 Kd6 25. Ba4
Ndb8 26. Bf4+ Ne5 27. Bxe5+ fxe5 28. Rc8 Bg7 29. hxg7 Rxc8 30. Bb3 1-0

[Event "M11"]
[Site "?"]
[Date "2022.07.27"]
[Round "6"]
[White "Wunsch, Ulrich"]
[Black "Matthai, Jakob"]
[Result "1/2-1/2"]
[ECO "B13"]
[WhiteElo "1969"]
[BlackElo "1997"]
[Annotator ",martin-koller@seznam"]
[PlyCount "69"]
[TimeControl "240+2"]

{600MB, Fritz10.ctg} 1. d4 Nf6 2. Nc3 d5 3. Bf4 c5 4. e3 cxd4 5. exd4 a6 6. Bd3
Nc6 7. Nf3 Bg4 8. Be2 e6 9. O-O Be7 10. Re1 Bxf3 11. Bxf3 O-O 12. a3 Qb6 13.
Ne2 Qxb2 14. Qd2 Qb6 15. Rab1 Qa7 16. a4 Rfc8 17. g4 Bd8 18. g5 Nd7 19. h4 Nb6
20. h5 Nc4 21. Qd3 Bb6 22. c3 Ne7 23. Bg4 Bc7 24. g6 f5 25. Bg5 Re8 26. gxh7+
Kh8 27. Bh3 e5 28. Bxf5 e4 29. Bxe4 Na3 30. Bg6 Nxb1 31. Bxe8 Rxe8 32. Rxb1 Qb8
33. h6 Qc8 34. hxg7+ Kxg7 35. Qf3 1/2-1/2

[Event "M11"]
[Site "?"]
[Date "2022.07.27"]
[Round "6"]
[White "Petras, Milan"]
[Black "Kalisky, Vladimir"]
[Result "0-1"]
[ECO "B20"]
[WhiteElo "1868"]
[BlackElo "2137"]
[Annotator ",martin-koller@seznam"]
[PlyCount "60"]
[TimeControl "240+2"]

{600MB, Fritz10.ctg} 1. e4 c5 2. g3 Nc6 3. Bg2 g6 4. d3 Bg7 5. c3 d6 6. f4 Nf6
7. Nd2 O-O 8. Ne2 Rb8 9. O-O Bd7 10. h3 b5 11. g4 a5 12. g5 Nh5 13. Rf2 b4 14.
d4 bxc3 15. bxc3 cxd4 16. Nb1 Qb6 17. cxd4 Nxd4 18. Be3 Nxe2+ 19. Rxe2 Qa6 20.
e5 dxe5 21. Nc3 Nxf4 22. Rc2 Nxg2 23. Kxg2 Bc6+ 24. Kg1 Ba8 25. Rac1 Qc6 26.
Kh2 Rb4 27. Rd2 Rc4 28. Nd5 Rxc1 29. Nxe7+ Kh8 30. Nxc6 Rxd1 0-1

[Event "M11"]
[Site "?"]
[Date "2022.07.27"]
[Round "6"]
[White "Thomasson, Staffan"]
[Black "Hajek, Zdenek"]
[Result "0-1"]
[ECO "E07"]
[WhiteElo "1749"]
[BlackElo "1958"]
[Annotator ",martin-koller@seznam"]
[PlyCount "120"]
[TimeControl "240+2"]

{600MB, Fritz10.ctg} 1. c4 Nf6 2. g3 e6 3. Nf3 Be7 4. Bg2 d5 5. O-O O-O 6. d4
c6 7. b3 Nbd7 8. Nc3 b6 9. Bb2 Ba6 10. cxd5 cxd5 11. Re1 Rc8 12. Rc1 h6 13. a3
Bd6 14. Nd2 Bb7 15. e4 dxe4 16. Ncxe4 Rxc1 17. Qxc1 Nxe4 18. Nxe4 Bxe4 19. Bxe4
Nf6 20. Bb1 Qc7 21. Qd2 Nd5 22. Qd3 g6 23. h4 h5 24. Kh2 Qe7 25. Kg1 Bxa3 26.
Bxa3 Qxa3 27. Rxe6 Qc1+ 28. Kg2 Qh6 29. Rd6 Ne7 30. Rd7 Nf5 31. Qa6 Re8 32.
Qxa7 Re1 33. Bxf5 gxf5 34. Qa8+ Kg7 35. Qd5 Qg6 36. Rd6 Qg4 37. Rd7 Qe4+ 38.
Qxe4 fxe4 39. Rd6 Rd1 40. b4 b5 41. Rd5 Kg6 42. g4 hxg4 43. h5+ Kf6 44. Kg3 Rd2
45. Rd6+ Kg5 46. h6 f5 47. h7 f4+ 48. Kg2 g3 49. h8=Q Rxf2+ 50. Kg1 Kg4 51.
Qc8+ Kf3 52. Qc3+ e3 53. Rf6 Rg2+ 54. Kf1 Rf2+ 55. Ke1 Re2+ 56. Kd1 Rd2+ 57.
Kc1 g2 58. Qc6+ Kg3 59. Rg6+ Kh2 60. Rh6+ Kg3 0-1